 Dungeon Crawl Stone Soup version 0.18-a0-1805-g8ab820f (webtiles) character file.

90 Loki the Shield-Bearer (level 4, -3/37 HPs)
             Began as a Formicid Fighter on Apr 25, 2016.
             Slain by a crocodile (8 damage)
             ... in a sewer.
             The game lasted 00:03:48 (1409 turns).

Loki the Shield-Bearer (Formicid Fighter)           Turns: 1409, Time: 00:03:48

Health: -3/37      AC:  8    Str: 26    XL:     4   Next: 85%
Magic:  4/4        EV:  8    Int:  8    God:
Gold:   139        SH: 10    Dex: 10    Spells: 0 memorised, 3 levels left

rFire  . . .     SeeInvis +     a - +0 long sword
rCold  . . .     Gourm    .     b - +0 scale mail
rNeg   . . .     Faith    .     c - +0 shield
rPois  .         Spirit   .     (helmet unavailable)
rElec  .         Dismiss  .     (no cloak)
rCorr  .         Reflect  .     l - +0 pair of gloves
SustAt .         Harm     .     (no boots)
MR     .....                    i - amulet of inaccuracy (curse)
Stlth  ..........               (no ring)
                                q - ring of teleportation (curse)

@: mighty, not resistant to hostile enchantments, extremely unstealthy
A: permanent stasis, dig shafts and tunnels, four strong arms, antennae 3
a: Dig, Shaft Self


You were in a sewer.
You were not hungry.

You visited 1 branch of the dungeon, and saw 3 of its levels.
You also visited: Sewer.

You collected 139 gold pieces.

Inventory:

Hand Weapons
 a - a +0 long sword (weapon)
Missiles
 e - 60 stones (quivered)
 g - 5 exploding tomahawks
 j - 47 arrows
 k - 16 bolts
Armour
 b - a +0 scale mail (worn)
 c - a +0 shield (worn)
 l - a +0 pair of gloves (worn)
Jewellery
 i - a cursed amulet of inaccuracy (around neck)
 q - a cursed ring of teleportation (left hand)
Scrolls
 o - a scroll of fog
Potions
 m - a potion of invisibility
 p - a potion of lignification {unknown}
Comestibles
 f - 2 bread rations
 n - a beef jerky


   Skills:
 + Level 3.7 Fighting
 * Level 3.4 Long Blades
 + Level 3.8 Armour
 * Level 4.2 Shields


You had 3 spell levels left.
You didn't know any spells.

Dungeon Overview and Level Annotations

Branches:
Dungeon (3/15)

Altars:


Innate Abilities, Weirdness & Mutations

You are under a permanent stasis effect.
You can dig through walls and to a lower floor.
Your four strong arms can wield two-handed weapons with a shield.
You have a pair of large antennae on your head (SInv).


Message History

You kill the bat!
Eat a chunk of flesh? (ye/n/q/i?) This raw flesh tastes terrible.
You continue eating. x2
A crocodile comes into view.
Drink which item? (? for menu, Esc to quit)
Okay, then.
Read which item? (? for menu, Esc to quit)
Okay, then.
Wield which item (- for none, * to show all)? (? for menu, Esc to quit)
Okay, then.
Drink which item? (? for menu, Esc to quit)
You feel very mighty all of a sudden.
You closely miss the crocodile. The crocodile bites you!
You closely miss the crocodile. You block the crocodile's attack.
You miss the crocodile. The crocodile bites you!
* * * LOW HITPOINT WARNING * * *
You barely miss the crocodile. You block the crocodile's attack.
You closely miss the crocodile. The crocodile bites you!
You die...

#.# #.# #.#
####### #.#
##.....## #.#
##...≈...#
#.#######...≈≈≈..÷
#..........≈≈≈≈≈.∩
#.#######...≈≈≈...
#@# ##...≈...# #t#
##.....## #.#
####### ... ...
..... .....
.......


You could see a crocodile.

Vanquished Creatures
  3 adders
  5 worms
  A dart slug (D:2)
  4 giant geckos (D:1)
  3 giant cockroaches (D:3)
  2 goblins (D:2)
  7 hobgoblins
  7 bats
  A giant newt (D:1)
  5 kobolds
  10 rats
48 creatures vanquished.

Notes
Turn   | Place    | Note
--------------------------------------------------------------
     0 | D:1      | Loki the Formicid Fighter began the quest for the Orb.
     0 | D:1      | Reached XP level 1. HP: 18/18 MP: 1/1
   206 | D:1      | Reached XP level 2. HP: 19/24 MP: 2/2
   549 | D:2      | Reached XP level 3. HP: 27/29 MP: 3/3
   785 | D:2      | Reached skill level 4 in Shields
   785 | D:2      | Reached XP level 4. HP: 15/36 MP: 4/4
  1287 | D:3      | Found a glowing drain.
  1332 | Sewer    | Entered a sewer
  1401 | Sewer    | Noticed a crocodile
  1409 | Sewer    | Slain by a crocodile

Vault maps used:
D:1:      sevenhm_arrival_forest_fort_large_4
D:3:      ecumenical_altar_2, portal_sewer_entry_e, first_bread
Sewer:    sewer_big_baddie

Skill      XL: |  1  2  3 |
---------------+----------+-----
Long Blades    | 3 |  3.4
Shields        | 4 |  4.2
Fighting       | |  3.7
Armour         | |  3.8

Action                   |  1- 3 |  4- 6 || total
-------------------------+-------+-------++-------
Melee: Long sword        |   102 |   124 ||   226
  Use: Scroll            |     2 |     1 ||     3
       Potion            |       |     1 ||     1
  Eat: Chunk             |       |     2 ||     2
Armor: Scale mail        |    45 |    72 ||   117
Dodge: Dodged            |    25 |    60 ||    85
Block: Shield            |    47 |    73 ||   120
